 Dungeon Crawl Stone Soup version 0.28-a0-998-gb9e9c7b67e (webtiles) character file.

Game seed: 2633576648971566050

2 ytrimaz the Insei (level 1, -2/13 HPs)
             Began as an Octopode Transmuter on Dec 5, 2021.
             Frozen to death by an endoplasm (4 damage)
             ... on level 1 of the Dungeon.
             The game lasted 00:00:12 (30 turns).

ytrimaz the Insei (Octopode Transmuter)               Turns: 30, Time: 00:00:12

Health: -2/13      AC:  1    Str:  9    XL:     1   Next: 40%
Magic:  2/3        EV: 13    Int: 15    God:
Gold:   0          SH:  0    Dex: 12    Spells: 3/4 levels left

rFire   . . .      SeeInvis .     - Unarmed
rCold   . . .      Faith    .   (no shield)
rNeg    . . .      Spirit   .   (helmet currently unavailable)
rPois   .          Reflect  .   (no amulet)
rElec   .          Harm     .   (no ring)
rCorr   .          Rampage  .   (no ring)
Will    .....                   (no ring)
Stlth   ++........              (no ring)
HPRegen 0.04/turn               (no ring)
MPRegen 0.08/turn               (no ring)
                                (no ring)
                                (no ring)

@: appendages (expiring)
A: tentacle spike 3, almost no armour, amphibious, 8 rings, camouflage 1,
gelatinous body 1, (nimble swimmer 1), tentacles
a: End Transformation


You were on level 1 of the Dungeon.
One of your tentacles had grown a beastly spike.
You visited 1 branch of the dungeon, and saw 1 of its levels.

You aren't carrying anything.


   Skills:
 * Level 1.1 Fighting
 - Level 2.0 Dodging
 + Level 3.1 Unarmed Combat
 + Level 2.0 Spellcasting
 + Level 2.0 Transmutations


You had 3 spell levels left.
You knew the following spells:

 Your Spells              Type           Power      Damage    Failure   Level
a - Beastly Appendage     Tmut           14%        N/A       10%         1

Your spell library contained the following spells:

 Spells                   Type           Power      Damage    Failure   Level
 Wereblood                Tmut           7%         N/A       14%         2
 Spider Form              Tmut/Pois      4%         N/A       41%         3
 Ice Form                 Ice/Tmut       4%         N/A       82%         4


Dungeon Overview and Level Annotations

Branches:
Dungeon (1/15)

Altars:


Innate Abilities, Weirdness & Mutations

One of your tentacles has grown a beastly spike.
You cannot wear most types of armour.
You are amphibious.
You can wear up to eight rings at the same time.
Your skin changes colour to match your surroundings (Stealth+).
Your rubbery body absorbs attacks. (AC +1, EV +1)
((You are camouflaged near water. (Stealth+)))
You have tentacles for arms and can constrict up to eight enemies at once.


Message History

Found a scroll labelled TOVOFIY WEMN.
One of your tentacles grows a vicious spike.
The goblin shouts!
The endoplasm quivers.
Found a brown potion.
The bat barely misses you.
There is an open door here.
You tentacle-slap the endoplasm.
The endoplasm is lightly wounded.
Your transformation is almost over.
The bat hits you but does no damage. The endoplasm hits you.
You tentacle-slap the endoplasm.
The endoplasm is almost dead.
The endoplasm freezes you.
You are frozen.
The bat hits you.
You completely miss the bat. You grab the bat. You constrict the bat.
The bat misses you.
The bat escapes!
The endoplasm freezes you.
You are frozen.
Unknown command.
You tentacle-slap the goblin.
You kill the goblin!
The bat closely misses you.
Unknown command.
You tentacle-slap the bat but do no damage.
Your grab misses the bat.
The bat is moderately wounded.
The bat barely misses you. The bat hits you.
* * * LOW HITPOINT WARNING * * *
The bat hits you.
* * * LOW HITPOINT WARNING * * *
You closely miss the bat. You grab the bat.
You pierce the bat.
You kill the bat!
Unknown command.
You tentacle-slap the goblin. You grab the goblin.
You pierce the goblin.
You kill the goblin!
A kobold comes into view. It is wielding a +0 short sword.
The kobold shouts!
The endoplasm freezes you.
You are frozen.
You die...

K........#
.....?...#
.........##
!.........
.........#
.........#
......JK.#
#######@##########
.................##
.......⌠..........#
...⌠.......⌠......#
.................##
.⌠...⌠...⌠...⌠..##
......)........##
#.⌠..(.⌠....⌠.##
##....[......##


You could see an endoplasm and 2 kobolds.

Vanquished Creatures
  A bat (D:1)
  2 goblins (D:1)
3 creatures vanquished.

Notes
Turn   | Place    | Note
-------+----------+-------------------------------------------
     0 | D:1      | ytrimaz the Octopode Transmuter began the quest for the
                  | Orb.
     0 | D:1      | Reached XP level 1. HP: 13/13 MP: 3/3
    30 | D:1      | Frozen to death by an endoplasm

Illustrated notes

Levels and vault maps discovered:
D:1:      dpeg_arrival_lava_temple_mockup, layout_basic, serial_shops, shop,
          chequers_mini_garden

Action                   || total
-------------------------++-------
Melee: Unarmed           ||     7
       Constrict         ||     3
       Kick              ||     2
 Cast: Beastly Appendage ||     1
Armor: Skin              ||     1
Dodge: Dodged            ||     4

Table legend: (Time is in decaauts)
 A = Elapsed time spent in this place.
 B = Non-inter-level travel time spent in this place.
 C = Inter-level travel time spent in this place.
 D = Time resting spent in this place.
 E = Time spent auto-exploring this place.
 F = Levels seen in this place.
 G = Mean time per level.
                   A        B        C        D        E       F      G
               +--------+--------+--------+--------+--------+-----+--------+
         Total |     29 |     29 |      0 |      0 |     18 |   1 |   29.0 |
       Dungeon |     29 |     29 |      0 |      0 |     18 |   1 |   29.0 |
               +--------+--------+--------+--------+--------+-----+--------+

Top non-repeatable levels by time:
     D:1: 29 daAuts
